 Dungeon Crawl Stone Soup version 0.27.1-16-g815e20cd7a (webtiles) character file.

Game seed: 15471880575164982553

156 zeram the Sneak (level 5, 0/52 HPs)
             Began as an Octopode Brigand on Nov 22, 2021.
             Was an Initiate of Gozag.
             Slain by an orc wizard (1 damage)
             ... on level 3 of the Dungeon.
             The game lasted 00:02:48 (2051 turns).

zeram the Sneak (Octopode Brigand)                  Turns: 2051, Time: 00:02:49

Health: 0/52       AC:  1    Str: 10    XL:     5   Next: 38%
Magic:  5/5        EV: 13    Int: 15    God:    Gozag
Gold:   157        SH:  0    Dex: 13    Spells: 4/4 levels left

rFire    . . .     SeeInvis .   a - +3 dagger
rCold    . . .     Faith    .   (no shield)
rNeg     . . .     Spirit   .   (helmet restricted)
rPois    .         Reflect  .   g - amulet of magic regeneration
rElec    .         Harm     .   (no ring)
rCorr    .         Rampage  .   (no ring)
Will     .....                  (no ring)
Stlth    ..........             (no ring)
HPRegen  0.17/turn              (no ring)
MPRegen  0.34/turn              (no ring)
                                (no ring)
                                (no ring)

@: berserking, very quick
A: almost no armour, amphibious, 8 rings, camouflage 1, gelatinous body 1,
(nimble swimmer 1), tentacles
a: Renounce Religion, Potion Petition, Call Merchant, Bribe Branch


You were on level 3 of the Dungeon.
You worshipped Gozag.
Gozag was aware of your devotion.
You visited 1 branch of the dungeon, and saw 3 of its levels.

You collected 192 gold pieces.
You paid 35 gold pieces to Gozag.

Inventory:

Hand Weapons
 a - a +3 dagger (weapon)
Missiles
 b - 8 poisoned darts (quivered)
 c - 2 curare-tipped darts
Jewellery
 g - an amulet of magic regeneration (around mantle)
Scrolls
 i - a scroll of amnesia
Potions
 d - a potion of lignification {unknown}
 e - a potion of magic
 f - a potion of mutation


   Skills:
 + Level 2.3 Fighting
 + Level 3.2 Short Blades
 + Level 2.0 Throwing
 + Level 1.3 Dodging
 + Level 7.8 Stealth


You had 4 spell levels left.
You didn't know any spells.
Your spell library was empty.

Dungeon Overview and Level Annotations

Branches:
Dungeon (3/15)

Altars:
Gozag
Yredelemnul


Innate Abilities, Weirdness & Mutations

You cannot wear most types of armour.
You are amphibious.
You can wear up to eight rings at the same time.
Your skin changes colour to match your surroundings (Stealth+).
Your rubbery body absorbs attacks. (AC +1, EV +1)
((You are camouflaged near water. (Stealth+)))
You have tentacles for arms and can constrict up to eight enemies at once.


Message History

The orc hits you but does no damage.
You closely miss the orc. Your grab misses the orc.
The orc hits you with a +0 dagger. The orc closely misses you.
The orc hits you with a +0 whip.
You closely miss the orc. Your grab misses the orc. You squeeze the orc.
The orc is almost dead.
The orc closely misses you. The orc barely misses you.
You puncture the orc!
You kill the orc!
The orc hits you with a +0 dagger.
You hit the orc. You grab the orc. You squeeze the orc.
You kill the orc!
Something hits you. The orc closely misses you.
Unknown command.
You hit the orc. You grab the orc. You squeeze the orc.
You kill the orc!
Something hits you.
No target in view!
Something hits you. Something hits you.
There is a strange disturbance nearby!
There is a strange disturbance nearby!
There is a strange disturbance nearby!
You are too injured to fight recklessly!
You closely miss something. Something hits you.
You closely miss something. You hit something but do no damage.
Something hits you.
You closely miss something. Your squeeze misses something. Something hits you.
* * * LOW HITPOINT WARNING * * *
Okay, then.
It was a potion of berserk rage.
A red film seems to cover your vision as you go berserk!
You feel yourself moving faster!
You feel mighty!
You hear some strange, mumbled words.
A puff of flame appears from out of thin air!
The puff of flame hits you!
* * * LOW HITPOINT WARNING * * *
You miss something. Something hits you.
You die...
Your body crumbles into a pile of gold.

##.#.#..# ##
#.####.# )#
#......# .#
##..#### .#
#.## ## ##.#
#..#
####.####.##
###
#.....$@..#
..#
#.....{$..#
#.#####
#.........#
......#
#.........#
......#
#.....#####
......#
#.....
......#
#....[
......#
#.....
......#


There were no monsters in sight!

Vanquished Creatures
  An orc wizard (D:3)
  Terence (D:3)
  5 adders
  A dart slug (D:1)
  4 orcs
  4 ball pythons
  A bat (D:2)
  3 endoplasms
  4 giant cockroaches
  6 goblins
  6 hobgoblins
  4 jackals (D:3)
  2 kobolds
  2 quokkas
  4 frilled lizards
  4 rats
52 creatures vanquished.

Notes
Turn   | Place    | Note
-------+----------+-------------------------------------------
     0 | D:1      | zeram the Octopode Brigand began the quest for the Orb.
     0 | D:1      | Reached XP level 1. HP: 14/14 MP: 1/1
   229 | D:1      | Reached XP level 2. HP: 19/19 MP: 2/2
   242 | D:1      | Reached skill level 6 in Stealth
   284 | D:1      | Found a faded altar of an unknown god.
   953 | D:2      | Reached XP level 3. HP: 24/24 MP: 3/3
  1392 | D:2      | Reached skill level 7 in Stealth
  1392 | D:2      | Reached XP level 4. HP: 28/29 MP: 4/4
  1589 | D:3      | Found an opulent altar of Gozag.
  1593 | D:3      | Noticed Terence
  1594 | D:3      | Found a basalt altar of Yredelemnul.
  1601 | D:3      | Killed Terence
  1604 | D:3      | Became a worshipper of Gozag Ym Sagoz the Greedy
  1828 | D:3      | Reached XP level 5. HP: 22/34 MP: 5/5
  2050 | D:3      | HP: 1/52 [something/puff of flame (9)]
  2051 | D:3      | Slain by an orc wizard

Illustrated notes

Levels and vault maps discovered:
D:1:      minmay_arrival_open_corners, layout_loops_corners,
          ebering_ecumenical_altar_hall, dk_noncrumbling_4
D:2:      layout_basic
D:3:      layout_basic, grunt_temple_overflow_open, minmay_misc_feat_tiny,
          uniq_terence

Skill      XL: |  1  2  3  4  5 |
---------------+----------------+-----
Stealth        | 6 7 |  7.8
Short Blades   | 3 |  3.2
Fighting       | |  2.3
Throwing       | |  2.0
Dodging        | |  1.3

Action                   |  1- 3 |  4- 6 || total
-------------------------+-------+-------++-------
Melee: Dagger            |    49 |    42 ||    91
       Constrict         |     9 |    11 ||    20
       Tentacles         |     6 |    13 ||    19
  Use: Scroll            |       |     7 ||     7
       Potion            |       |     1 ||     1
 Stab: Sleeping          |    20 |     3 ||    23
Armor: Skin              |     2 |     3 ||     5
Dodge: Dodged            |    16 |    21 ||    37
